 Dungeon Crawl Stone Soup version 0.26.0-10-g1f06aea511 (webtiles) character file.

Game seed: 3226118790203973280

1109 Borgoz the Slasher (level 8, 65/67 HPs)
             Began as a Ghoul Gladiator on Jan 15, 2021.
             Quit the game on level 5 of the Dungeon.
             The game lasted 00:07:36 (5484 turns).

Borgoz the Slasher (Ghoul Gladiator)                Turns: 5484, Time: 00:07:37

Health: 65/67      AC: 10    Str: 18    XL:     8   Next: 33%
Magic:  7/7        EV: 17    Int:  3    God:
Gold:   301        SH:  0    Dex: 12    Spells: 7/7 levels left

rFire    + . .     SeeInvis .   a - +2 long sword
rCold    + . .     Faith    .   (no shield)
rNeg     + + +     Spirit   .   j - +2 ring mail {rF+}
rPois    ∞         Reflect  .   c - +0 helmet
rElec    .         Harm     .   (no cloak)
rCorr    .         Rampage  .   (no gloves)
Will     .....                  f - +0 pair of boots
Stlth    +.........             (no amulet)
HPRegen  0.00/turn              o - +4 ring of evasion
MPRegen  0.10/turn              (no ring)

@: very slow
A: claws 1, cold resistance 1, negative energy resistance 3, inhibited
regeneration, torment resistance, unbreathing
a: no special abilities


You were on level 5 of the Dungeon.
You visited 1 branch of the dungeon, and saw 5 of its levels.

You collected 301 gold pieces.

Inventory:

Hand Weapons
 a - a +2 long sword (weapon)
Missiles
 d - a throwing net (quivered)
Armour
 c - a +0 helmet (worn)
 f - a +0 pair of boots (worn)
 j - a +2 ring mail of fire resistance (worn)
 q - the +2 robe of Refuge {rPois rN+ Int+2}
   (You took it off an orc wizard on level 5 of the Dungeon)

   It affects your intelligence (+2).
   It protects you from poison.
   It protects you from negative energy.
Jewellery
 k - an uncursed ring of ice
 o - a +4 ring of evasion (left claw)
Scrolls
 b - a scroll of fog
 h - 2 scrolls of blinking
 l - 5 scrolls of teleportation
 m - 2 scrolls of remove curse
 p - a scroll of fear {unknown}
Potions
 e - 2 potions of heal wounds
 g - a potion of ambrosia
 i - a potion of haste
 n - a potion of curing


   Skills:
 + Level 4.7 Fighting
 * Level 5.7 Long Blades
 - Level 1.7 Throwing
 * Level 4.8 Armour
 + Level 4.4 Dodging


You had 7 spell levels left.
You didn't know any spells.
Your spell library was empty.

Dungeon Overview and Level Annotations

Branches:
Dungeon (5/15)
 Temple: D:4-7

Altars:
Hepliaklqana
The Shining One


Innate Abilities, Weirdness & Mutations

You thrive by killing the living.
You are immune to poison.
You have sharp fingernails.
Your flesh is cold resistant. (rC+)
You are immune to negative energy. (rN+++)
You do not regenerate when monsters are visible.
You are immune to unholy pain and torment.
You can survive without breathing.


Message History

Your unstable footing causes you to fumble your attack.
You hit the worker ant.
The worker ant is moderately wounded.
The leopard gecko splashes around in the water.
The worker ant closely misses you. The leopard gecko closely misses you.
You slash the worker ant!
You kill the worker ant!
The leopard gecko closely misses you.
You riposte.
You completely miss the leopard gecko.
The leopard gecko completely misses you.
You riposte.
You hit the leopard gecko.
The leopard gecko is heavily wounded.
The leopard gecko bites you but does no damage.
The leopard gecko barely misses you.
You closely miss the leopard gecko.
The leopard gecko is heavily wounded.
The leopard gecko bites you. The leopard gecko barely misses you.
Search for what [? for help]?
Okay, then.
Are you sure you want to abandon this character and quit the game? (Confirm with "yes".)

### ##########.####
#.........#.#.####
#.######.###.....#########
#.# ##.#...)..........#
#.# ###...##########.####
#.# #≈≈≈# #........
###.####### #≈≈≈#
#........ #.........#
#≈@≈# #.##.##>.
#.#.#####.# #l†l#
#.##.##.. #.#<# #≈.≈#
#.##.##.. #.#.### #≈≈≈#
#.##.##.. #.#...## # #≈≈≈#
#..<..(.. #.##...##.#
#≈≈≈#...###.......#
#.#.......+
#≈≈≈#............>.
#.##...##.#
#...#...####...####
#.........# . #........#


You could see 2 leopard geckos.

Vanquished Creatures
  Edmund (D:4)
  2 phantoms (D:5)
  2 scorpions (D:4)
  A jelly (D:5)
  A crimson imp (D:5)
  A bullfrog zombie (D:5)
  3 hounds
  A bullfrog skeleton (D:5)
  4 orc wizards
  A centaur skeleton (D:5)
  Jessica (D:2)
  Natasha (thrice) (D:2)
  3 worker ants
  8 adders
  A white imp (D:5)
  An ufetubus (D:5)
  An ooze (D:3)
  An adder skeleton (D:4)
  2 worms
  A dart slug (D:2)
  3 leopard geckos
  6 orcs
  4 ball pythons
  9 giant cockroaches
  9 goblins
  9 hobgoblins
  5 bats
  9 frilled lizards
  A goblin skeleton (D:5)
  2 goblin zombies (D:5)
  A hobgoblin zombie (D:5)
  5 kobolds
  A kobold zombie (D:5)
  A leopard gecko skeleton (D:5)
  2 orc skeletons (D:5)
  An orc zombie (D:5)
  A quokka zombie (D:5)
  4 rats
112 creatures vanquished.

Vanquished Creatures (others)
  An orc wizard (D:3)
  2 plants (D:2)
3 creatures vanquished.

Grand Total: 115 creatures vanquished

Notes
Turn   | Place    | Note
-------+----------+-------------------------------------------
     0 | D:1      | Borgoz the Ghoul Gladiator began the quest for the Orb.
     0 | D:1      | Reached XP level 1. HP: 17/17 MP: 0/0
   392 | D:1      | Reached XP level 2. HP: 25/25 MP: 1/1
   932 | D:2      | Reached skill level 3 in Long Blades
   932 | D:2      | Reached skill level 1 in Armour
   932 | D:2      | Reached XP level 3. HP: 16/30 MP: 2/2
  1107 | D:2      | Noticed Natasha
  1115 | D:2      | Killed Natasha
  1116 | D:2      | Reached XP level 4. HP: 37/37 MP: 3/3
  1260 | D:2      | Noticed Jessica
  1267 | D:2      | Killed Jessica
  1354 | D:2      | Found a faded altar of an unknown god.
  1462 | D:2      | Noticed Natasha
  1476 | D:2      | HP: 1/37 [Natasha/magic dart (10)]
  1478 | D:2      | Killed Natasha
  1479 | D:2      | Reached XP level 5. HP: 2/45 MP: 4/4
  1804 | D:2      | Found a hazy altar of Hepliaklqana.
  1951 | D:2      | Noticed Natasha
  1959 | D:2      | Killed Natasha
  2329 | D:3      | Lost intelligence.
  2372 | D:3      | HP: 1/45 [orc wizard/magic dart (4)]
  2386 | D:3      | Reached skill level 4 in Long Blades
  2386 | D:3      | Reached XP level 6. HP: 31/51 MP: 5/5
  3590 | D:4      | Noticed Edmund
  3611 | D:4      | Killed Edmund
  3612 | D:4      | Reached XP level 7. HP: 26/58 MP: 6/6
  4355 | D:5      | Entered Level 5 of the Dungeon
  4458 | D:5      | Reached skill level 5 in Long Blades
  4685 | D:5      | Found a glowing golden altar of the Shining One.
  4696 | D:5      | Identified the +2 robe of Refuge {rPois rN+ Int+2}
  4703 | D:5      | Reached XP level 8. HP: 62/67 MP: 7/7
  5484 | D:5      | Quit the game

Illustrated notes

Levels and vault maps discovered:
D:1:      lemuel_arrival_room, layout_basic
D:2:      layout_loops_ring, lemuel_crystal_altar,
          chequers_ecumenical_altar_lobes, serial_rivers,
          chequers_serial_rivers_small_b, chequers_serial_rivers_marsh,
          chequers_serial_rivers_micro_c, chequers_serial_rivers_large_a,
          uniq_natasha, uniq_jessica
D:3:      layout_rooms
D:4:      layout_loops_corners, uniq_edmund
D:5:      layout_loops_corners, portal_sewer_entry_f, serial_bayou_pond_c,
          nicolae_tso_besieged_by_evil

Skill      XL: |  1  2  3  4  5  6  7 |
---------------+----------------------+-----
Long Blades    | 3 4 5 |  5.7
Armour         | 1 2 3 4 |  4.8
Dodging        | 3 4 |  4.4
Fighting       | 3 4 |  4.7
Throwing       | |  1.7

Action                   |  1- 3 |  4- 6 |  7- 9 || total
-------------------------+-------+-------+-------++-------
Melee: Long sword        |    63 |   199 |   162 ||   424
Throw: Throwing net      |       |     4 |       ||     4
  Use: Potion            |       |     4 |       ||     4
       Scroll            |       |    10 |     3 ||    13
 Stab: Held in net/web   |       |     1 |       ||     1
Armor: Leather armour    |     9 |       |       ||     9
       Ring mail         |    22 |   109 |    58 ||   189
Dodge: Dodged            |    54 |   172 |   133 ||   359
       Rpst.: Long sword |    14 |    56 |    43 ||   113
